Map: Old Republic LE

Players

llllllllllll (Ryung) - Winner!

  • Race: Terran Terran
  • League: Master
  • Spawn Location: 1:00

vista

  • Race: Protoss Protoss
  • League: Master
  • Spawn Location: 7:00

VOD

Have the link to the VOD?

Description

Time

  • Played on: Dec. 22, 2025, 12:31 p.m.
  • Length: 8:25
Show
View Real Time Build Order
Export as new Build Order

llllllllllll Terran - Winner!

Build Orders:  

Get SALT Encoding   

  12  0:00  SCV  
  13  0:12  SCV  
  14  0:16  Supply Depot  
  14  0:24  SCV  
  15  0:38  SCV  
  15  0:39  Barracks  
  16  0:43  Refinery  
  16  0:50  SCV  
  16  0:52  Refinery  
  17  1:02  SCV  
  18  1:14  SCV  
  19  1:24  Supply Depot  
  19  1:26  Reaper, Orbital Command  
  20  1:40  Factory  
  20  1:53  SCV  
  21  1:58  Reaper  
  22  2:05  SCV  
  23  2:17  SCV  
  23  2:18  Command Center  
  24  2:23  Hellion  
  24  2:29  SCV  
  27  2:35  Starport  
  27  2:41  SCV  
  28  2:44  Supply Depot  
  28  2:47  Widow Mine  
  30  2:51  Barracks Reactor  
  30  2:53  SCV  
  31  3:06  SCV  
  31  3:08  Widow Mine  
  34  3:13  Medivac  
  34  3:14  Barracks  
  34  3:18  SCV  
  37  3:29  Marine x2  
  37  3:30  Orbital Command, SCV  
  37  3:32  Factory Tech Lab  
  38  3:42  SCV  
  38  3:43  Starport Tech Lab  
  38  3:47  Marine x2  
  41  3:51  Siege Tank  
  44  3:57  SCV x2  
  46  4:05  Supply Depot  
  46  4:10  SCV x2  
  46  4:13  Raven  
  46  4:15  Marine x2  
  52  4:22  SCV x2  
  52  4:23  Supply Depot  
  54  4:26  Barracks, Marine  
  55  4:33  Marine x2  
  55  4:35  Siege Tank  
  60  4:42  Supply Depot  
  60  4:43  SCV x2  
  60  4:45  Bunker  
  62  4:55  Marine x2, SCV x2  
  66  5:01  Supply Depot  
  66  5:03  Stimpack  
  66  5:05  Marine  
  67  5:07  SCV  
  67  5:08  SCV  
  67  5:11  Engineering Bay  
  67  5:12  Refinery, Marine x2  
  71  5:18  Supply Depot  
  71  5:19  Combat Shield  
  71  5:20  SCV x2  
  73  5:23  Marine x2  
  73  5:24  Starport Reactor  
  75  5:30  Refinery  
  75  5:32  SCV x2  
  77  5:39  Marine x2  
  77  5:41  Marauder  
  77  5:42  Supply Depot, Marauder  
  83  5:45  Terran Infantry Weapons Level 1, Supply Depot  
  83  5:46  SCV x2  
  85  5:51  Factory Reactor  
  85  6:04  Marine x2, Marauder x2  
  91  6:08  Medivac  
  91  6:16  Medivac  
  91  6:19  Command Center  
  91  6:22  Supply Depot  
  91  6:26  Marine x2, Marauder x2  
  91  6:28  Widow Mine  
  99  6:35  Widow Mine  
  99  6:39  Barracks  
  101  6:40  Barracks  
  101  6:45  Concussive Shells  
  101  6:47  Medivac x2  
  103  6:49  Marine x2  
  103  6:50  Marauder  
  103  6:52  Marauder  
  111  6:56  Widow Mine  
  111  6:57  Widow Mine  
  115  7:01  Supply Depot, SCV x2  
  117  7:11  Supply Depot  
  117  7:13  SCV x2  
  117  7:16  Marine  
  118  7:23  Viking x2, Marauder x2  
  126  7:30  Marine, SCV x2  
  129  7:42  SCV x2  
  131  7:47  Marauder x2  
  135  7:53  Viking x2  
  131  7:58  SCV  
  131  8:00  Orbital Command  
  131  8:04  Barracks Tech Lab, Marine x2, Barracks Reactor  
Show
View Real Time Build Order
Export as new Build Order

vista Protoss 

Build Orders: 1 Gate Expand, Blink Stalkers 

Get SALT Encoding   

  12  0:00  Probe  
  13  0:12  Probe  
  14  0:17  Pylon  
  14  0:22  Probe  
  15  0:31  Probe  
  16  0:38  Gateway  
  16  0:39  Probe  
  16  0:45  Assimilator  
  17  0:51  Probe  
  18  1:03  Probe  
  19  1:15  Probe  
  20  1:27  Cybernetics Core  
  20  1:35  Nexus  
  20  1:36  Probe  
  21  1:41  Pylon  
  21  1:47  Assimilator  
  21  1:48  Probe  
  21  1:54  Adept  
  22  2:01  Probe  
  22  2:04  Warp Gate  
  24  2:13  Probe  
  25  2:21  Stalker  
  25  2:28  Probe  
  28  2:35  Twilight Council  
  28  2:40  Probe  
  29  2:46  Blink  
  29  2:47  Gateway  
  29  2:49  Probe  
  30  2:52  Probe  
  30  2:58  Shield Battery  
  31  3:02  Probe  
  31  3:04  Probe  
  33  3:14  Probe  
  33  3:16  Probe  
  35  3:22  Gateway  
  35  3:26  Probe  
  36  3:30  Pylon  
  36  3:31  Probe  
  35  3:42  Probe  
  35  3:43  Probe  
  37  3:52  Robotics Facility  
  37  3:54  Stalker x2, Probe  
  42  3:56  Probe  
  43  4:10  Nexus  
  43  4:14  Probe  
  43  4:16  Stalker  
  46  4:22  Stalker  
  46  4:24  Stalker  
  50  4:27  Probe  
  50  4:30  Assimilator  
  51  4:34  Pylon  
  51  4:37  Charge  
  49  4:41  Observer  
  49  4:44  Probe  
  49  4:45  Probe  
  52  4:56  Probe  
  52  4:57  Probe  
  54  5:03  Gateway  
  54  5:04  Gateway  
  54  5:08  Probe  
  54  5:09  Probe  
  54  5:10  Stalker  
  58  5:15  Forge  
  58  5:21  Probe  
  59  5:22  Stalker x2  
  59  5:24  Probe  
  59  5:25  Probe  
  59  5:28  Pylon  
  65  5:29  Protoss Ground Weapons Level 1  
  65  5:35  Robotics Bay, Probe  
  66  5:42  Probe x2  
  68  5:44  Pylon  
  68  5:45  Zealot  
  68  5:47  Zealot  
  68  5:49  Probe  
  73  5:54  Probe  
  74  5:58  Zealot  
  74  5:59  Zealot  
  74  6:09  Colossus  
  74  6:10  Probe x2  
  72  6:13  Probe  
  71  6:22  Probe x2  
  79  6:31  Probe  
  80  6:35  Extended Thermal Lance  
  80  6:42  Probe  
  80  6:43  Zealot x5  
  80  6:44  Shield Battery  
  80  6:45  Pylon  
  91  6:51  Probe x2  
  93  6:58  Assimilator  
  93  7:03  Probe  
  93  7:04  Zealot  
  93  7:05  Zealot x2  
  99  7:09  Pylon  
  99  7:11  Probe  
  100  7:24  Probe  
  100  7:27  Sentry, Zealot  
  100  7:28  Zealot x2  
  109  7:34  Pylon  
  109  7:44  Nexus  
  109  7:49  Gateway  
  109  7:51  Gateway  
  109  7:52  Probe  
  109  7:53  Zealot x3  
  109  7:54  Gateway  
  106  8:02  Stalker  
  102  8:11  Zealot  
  84  8:15  Zealot x3  
Tags
 
Add a new tag
Caveats
  • Supply blocks, unpowered buildings, or Contaminate may cause inaccurate times.
  • Supply counts are checked every 10 seconds.